 Dungeon Crawl Stone Soup version 0.26-a0-649-gf8c6c3aab7 (webtiles) character file.

Game seed: 5797838630308483460

279 oldriver the Cudgeler (level 6, -2/40 HPs)
             Began as a Gargoyle Fighter on Sept 27, 2020.
             Killed by divine providence
             ... invoked by an orc priest
              (14 damage)
             ... on level 5 of the Dungeon.
             The game lasted 00:04:45 (3030 turns).

oldriver the Cudgeler (Gargoyle Fighter)            Turns: 3030, Time: 00:04:46

Health: -2/40      AC: 13    Str: 20    XL:     6   Next: 26%
Magic:  6/6        EV:  7    Int:  8    God:
Gold:   127        SH:  9    Dex: 11    Spells: 5/5 levels left

rFire    . . .     SeeInvis .   g - +3 mace (vorpal)
rCold    . . .     Faith    .   c - +0 kite shield
rNeg     + . .     Spirit   .   b - +0 scale mail
rPois    ∞         Reflect  .   t - +1 helmet
rElec    +         Harm     .   (no cloak)
rCorr    .         Rampage  .   (no gloves)
MR       .....                  (no boots)
Stlth    ..........             (no amulet)
HPRegen  0.13/turn              r - ring of wizardry
MPRegen  0.10/turn              i - -4 ring of slaying (curse)

@: no status effects
A: negative energy resistance 1, electricity resistance, unbreathing,
petrification resistance, rot immunity, AC +4
a: no special abilities


You were on level 5 of the Dungeon.
You visited 1 branch of the dungeon, and saw 5 of its levels.

You collected 127 gold pieces.

Inventory:

Hand Weapons
 g - a +3 vorpal mace (weapon)
Armour
 b - a +0 scale mail (worn)
 c - a +0 kite shield (worn)
 t - a +1 helmet (worn)
Jewellery
 f - a +6 ring of intelligence
 i - a cursed -4 ring of slaying (right hand)
 r - a ring of wizardry (left hand)
Scrolls
 a - 3 scrolls of identify
 d - a scroll of amnesia
 o - a scroll of enchant weapon
Potions
 e - a potion of flight {unknown}
 l - a potion of ambrosia
 m - a potion of curing {unknown}
 n - 3 potions of heal wounds {unknown}
 p - 2 potions of haste {unknown}
 q - 2 potions of brilliance {unknown}


   Skills:
 * Level 4.9 Fighting
 * Level 5.3 Maces & Flails
 + Level 3.3 Armour
 + Level 3.4 Shields


You had 5 spell levels left.
You didn't know any spells.
Your spell library contained the following spells:

 Spells                   Type           Power        Failure   Level
 Confusing Touch          Hex            #.......     99%         3
 Gell's Gravitas          Tloc           #.........   99%         3
 Petrify                  Tmut/Erth      #.......     100%        4
 Metabolic Englaciation   Hex/Ice        #.........   100%        5
 Yara's Violent Unravell  Hex/Tmut       #.........   100%        5


Dungeon Overview and Level Annotations

Branches:
Dungeon (5/15)
 Temple: D:4-7

Altars:
Dithmenos
Fedhas
Trog


Innate Abilities, Weirdness & Mutations

You are resistant to torment.
Your stone body is resilient. (AC +4)
You are immune to poison.
You resist negative energy. (rN+)
You are resistant to electric shocks. (rElec)
You can survive without breathing.
You are immune to petrification.
You are immune to rotting.


Message History

a - 3 scrolls of identify (gained 1)
You open the door. 2 orc priests and an orc wizard come into view.
The orc wizard is wielding a +1 dagger of speed.
The orc wizard shouts!
The orc priest shouts! x2
The orc priest mumbles some strange prayers to Beogh against you.
Beogh smites you!
The orc priest casts a cantrip, but nothing happens.
The orc wizard gestures at you while chanting.
The puff of flame hits you!
The orc priest looks satisfied for a moment.
The orc priest mumbles some strange prayers to Beogh against you.
Beogh smites you!
* * * LOW HITPOINT WARNING * * *
The orc priest casts a cantrip, but nothing happens.
The orc wizard points at you and mumbles some strange words.
You resist with some effort.
The orc priest invokes the aid of Beogh against you.
Beogh smites you!
You die...

######..######.#
#oo.......#
##.######## #.#
#.# #o# #.#
####.######
.###...@.....#
?.......####.####
.###.#...........
#.#...###.(...
#......# ##.
#.#...###..# ###
### #..........#
#.....#
####.#####.#
#.#.#.# #.#


You could see 2 orc priests and an orc wizard.

Vanquished Creatures
  An ogre (D:4)
  A hound (D:5)
  2 worker ants
  5 adders
  3 worms
  A dart slug (D:1)
  A leopard gecko (D:1)
  12 bats
  3 giant cockroaches
  7 goblins (D:1)
  12 hobgoblins
  A ball python skeleton (D:4)
  3 frilled lizards (D:1)
  7 kobolds
  4 rats
63 creatures vanquished.

Notes
Turn   | Place    | Note
-------+----------+-------------------------------------------
     0 | D:1      | oldriver the Gargoyle Fighter began the quest for the Orb.
     0 | D:1      | Reached XP level 1. HP: 14/14 MP: 1/1
    32 | D:1      | You fall into a shaft and drop 1 floor!
   118 | D:1      | Reached XP level 2. HP: 17/19 MP: 2/2
   379 | D:1      | Reached skill level 3 in Maces & Flails
   379 | D:1      | Reached XP level 3. HP: 19/24 MP: 3/3
   768 | D:2      | Found a blossoming altar of Fedhas.
   876 | D:2      | Reached XP level 4. HP: 23/29 MP: 4/4
   877 | D:2      | You fall into a shaft and drop 1 floor!
  1268 | D:3      | Found a bloodstained altar of Trog.
  1268 | D:3      | Found a shadowy altar of Dithmenos.
  1583 | D:2      | Reached skill level 4 in Maces & Flails
  1796 | D:2      | Reached XP level 5. HP: 34/34 MP: 5/5
  2215 | D:4      | Noticed an ogre
  2225 | D:4      | Killed an ogre
  2225 | D:4      | Reached skill level 5 in Maces & Flails
  2312 | D:4      | Reached XP level 6. HP: 40/40 MP: 6/6
  2817 | D:5      | Entered Level 5 of the Dungeon
  3030 | D:5      | Killed from afar by an orc priest

Illustrated notes

Levels and vault maps discovered:
D:1:      eino_arrival_tree_alley, layout_basic, minmay_misc_feat_doors,
          minmay_octomino_e4
D:2:      layout_loops_cross, fedhas_altar_2, chequers_serial_rivers_small_a
D:3:      layout_basic, gammafunk_temple_overflow_elements
D:4:      layout_loops_ring, marbit_many_paths, minmay_temple_entry_slanted,
          serial_shops, shop, xom_teletrap_fun
D:5:      layout_loops_corners, minmay_fractal_squares_diagonal_5

Skill      XL: |  1  2  3  4  5 |
---------------+----------------+-----
Maces & Flails | 3 4 5 |  5.3
Fighting       | 4 |  4.9
Armour         | |  3.3
Shields        | |  3.4

Action                   |  1- 3 |  4- 6 || total
-------------------------+-------+-------++-------
Melee: Flail             |   138 |    41 ||   179
       Mace              |       |    96 ||    96
  Use: Scroll            |       |     6 ||     6
       Potion            |       |     1 ||     1
Armor: Scale mail        |    65 |    80 ||   145
Dodge: Dodged            |    50 |    31 ||    81
Block: Kite shield       |    68 |    86 ||   154

Table legend: (Time is in decaauts)
 A = Elapsed time spent in this place.
 B = Non-inter-level travel time spent in this place.
 C = Inter-level travel time spent in this place.
 D = Time resting spent in this place.
 E = Time spent auto-exploring this place.
 F = Levels seen in this place.
 G = Mean time per level.
                   A        B        C        D        E       F      G
               +--------+--------+--------+--------+--------+-----+--------+
         Total |   3123 |   2900 |    223 |    408 |   1847 |   5 |  624.6 |
       Dungeon |   3123 |   2900 |    223 |    408 |   1847 |   5 |  624.6 |
               +--------+--------+--------+--------+--------+-----+--------+

Top non-repeatable levels by time:
     D:3: 1102 daAuts
     D:2: 869 daAuts
     D:1: 681 daAuts
     D:4: 254 daAuts
     D:5: 215 daAuts
